Map: Pillars of Gold LE

Players

A.I. 2 (Very Hard)

  • Race: Protoss Protoss

Acerth - Winner!

  • Race: Zerg Zerg
  • League: Gold
  • Spawn Location: 1:00

Eleven - Winner!

  • Race: Zerg Zerg
  • League: Diamond
  • Spawn Location: 7:00

VOD

Have the link to the VOD?

Description

Goal is to hit a timing with roaches, roach speed, and +1 missile as soon as they finish, taking a third base behind your attack. You need to do some damage though because of the late third. Game depending you can either drone up as a follow up or continue roach production.

Time

  • Played on: Dec. 21, 2020, 5:32 p.m.
  • Length: 7:45
Show
View Real Time Build Order
Export as new Build Order

A.I. 2 (Very Hard) Protoss 

Build Orders:  

Get SALT Encoding   

Show
View Real Time Build Order
Export as new Build Order

Acerth Zerg - Winner!

Build Orders:  

Get SALT Encoding   

  12  0:00  Probe  
  13  0:13  Probe  
  14  0:20  Pylon  
  14  0:25  Probe  
  15  0:34  Probe  
  15  0:42  Probe  
  16  0:48  Assimilator  
  17  0:52  Probe, Gateway  
  18  1:00  Probe  
  18  1:02  Pylon  
  18  1:08  Probe  
  20  1:19  Probe  
  21  1:39  Gateway, Probe  
  22  1:41  Cybernetics Core, Zealot  
  24  1:49  Pylon  
  24  1:52  Probe  
  25  2:01  Probe  
  25  2:08  Zealot  
  28  2:09  Probe  
  28  2:13  Assimilator  
  29  2:18  Probe, Warp Gate  
  30  2:26  Adept  
  32  2:30  Probe  
  32  2:35  Adept  
  35  2:38  Pylon  
  35  2:42  Probe  
  36  2:54  Probe  
  36  2:56  Adept  
  39  2:58  Sentry  
  41  3:07  Probe  
  42  3:22  Nexus, Probe  
  43  3:29  Stalker  
  43  3:34  Probe  
  46  3:41  Robotics Facility  
  46  3:46  Probe  
  47  3:50  Pylon  
  47  4:06  Probe  
  47  4:08  Adept  
  50  4:14  Probe  
  50  4:22  Probe, Adept  
  54  4:34  Probe, Adept  
  54  4:35  Probe  
  58  4:42  Robotics Bay  
  58  4:46  Probe  
  58  4:47  Observer, Probe  
  61  4:55  Robotics Facility  
  61  4:58  Probe  
  61  4:59  Probe  
  63  5:01  Pylon  
  63  5:03  Stalker  
  65  5:07  Stalker  
  65  5:10  Probe  
  65  5:13  Probe  
  69  5:14  Pylon  
  69  5:22  Probe  
  69  5:28  Colossus  
  70  5:32  Zealot  
  70  5:34  Adept  
  58  5:47  Probe  
  58  5:49  Probe, Adept, Stalker  
  37  6:07  Assimilator, Probe  
  37  6:08  Zealot  
  37  6:10  Stalker  
  37  6:11  Probe  
  35  6:19  Probe x2  
  35  6:28  Stalker  
  35  6:31  Probe  
  32  6:36  Zealot  
  25  6:48  Adept  
  25  6:57  Zealot  
  20  7:12  Probe  
  13  7:40  Pylon  
Show
View Real Time Build Order
Export as new Build Order

Eleven Zerg - Winner!

Build Orders: Hatch First 

Get SALT Encoding   

  12  0:00  Drone  
  13  0:12  Overlord  
  13  0:18  Drone  
  14  0:30  Drone x2  
  16  0:51  Hatchery  
  16  0:54  Drone  
  16  1:00  Drone  
  17  1:10  Extractor  
  16  1:13  Drone  
  16  1:17  Spawning Pool  
  16  1:20  Drone  
  17  1:28  Drone  
  18  1:38  Drone  
  19  1:51  Drone  
  20  2:00  Overlord  
  20  2:04  Queen  
  20  2:05  Queen  
  20  2:06  Zergling x2  
  25  2:11  Zergling x2  
  26  2:17  Drone  
  27  2:29  Drone x2  
  29  2:33  Drone  
  30  2:39  Drone  
  31  2:44  Lair  
  31  2:47  Drone  
  31  2:48  Overlord  
  32  2:52  Evolution Chamber  
  32  2:54  Drone  
  32  2:58  Drone  
  33  3:04  Drone  
  34  3:08  Drone  
  34  3:11  Roach Warren  
  34  3:13  Drone x2  
  34  3:14  Drone  
  34  3:17  Overlord  
  37  3:22  Zerg Missile Weapons Level 1  
  37  3:27  Drone x2  
  37  3:34  Drone x3  
  42  3:46  Drone x5  
  47  3:49  Extractor x2  
  47  3:50  Glial Reconstitution  
  47  3:53  Overlord  
  45  3:57  Overlord  
  45  3:59  Drone x2  
  45  4:02  Drone  
  48  4:15  Roach x3  
  54  4:20  Roach x3  
  60  4:28  Overlord  
  60  4:29  Overlord x2  
  60  4:47  Roach x5  
  60  4:49  Roach x2  
  74  4:58  Hatchery  
  73  5:00  Roach  
  73  5:01  Roach  
  73  5:04  Roach  
  79  5:11  Ravager x2  
  81  5:16  Roach  
  81  5:18  Drone  
  81  5:19  Overlord  
  81  5:20  Overlord  
  84  5:21  Extractor  
  84  5:22  Overlord  
  81  5:34  Roach  
  81  5:35  Roach x2  
  79  5:54  Roach x7  
  74  6:26  Roach x7  
  83  6:37  Roach x2  
  85  6:44  Roach x2  
  85  6:46  Evolution Chamber  
  84  7:04  Roach x3  
  90  7:25  Ravager x4  
  98  7:31  Drone x9  
Tags
 
Add a new tag
Caveats
  • Supply blocks, unpowered buildings, or Contaminate may cause inaccurate times.
  • Supply counts are checked every 10 seconds.